 Dungeon Crawl Stone Soup version 0.24.0-1-gfbc8707 (webtiles) character file.

Game seed: 8836742514579208186, levelgen mode: deterministic

1988 MacrostheBlack the Covert (level 9, -1/63 HPs)
             Began as a Vampire Assassin on Nov 9, 2019.
             Was a Believer of Okawaru.
             Slain by an ice beast (14 damage)
             ... on level 8 of the Dungeon.
             The game lasted 00:19:41 (6372 turns).

MacrostheBlack the Covert (Vampire Assassin)        Turns: 6372, Time: 00:19:42

Health: -1/63      AC:  5    Str: 10    XL:     9   Next: 1%
Magic:  8/10       EV: 21    Int: 13    God:    Okawaru [**....]
Gold:   483        SH:  0    Dex: 19    Spells: 8/8 levels left

rFire    . . .     SeeInvis +   a - +3 dagger
rCold    . . .     Gourm    .   (no shield)
rNeg     . . .     Faith    .   b - +0 robe
rPois    .         Spirit   .   s - +2 hat
rElec    .         Reflect  .   G - scarf {cloud immunity}
rCorr    .         Harm     .   (no gloves)
MR       .....                  w - +0 pair of boots
Stlth    +++++++...             (no amulet)
HPRegen  0.40/turn              y - ring of stealth
MPRegen  0.12/turn              (no ring)

@: heroism, regenerating quickly
A: no food, fangs 3, see invisible, unbreathing
a: Exsanguinate, Heroism, Renounce Religion


You were on level 8 of the Dungeon.
You worshipped Okawaru.
Okawaru was pleased with you.
You were alive.

You visited 2 branches of the dungeon, and saw 9 of its levels.
You also visited: Ossuary.

You collected 483 gold pieces.

Inventory:

Hand Weapons
 a - a +3 dagger (weapon)
Missiles
 d - 32 poisoned darts (quivered)
 e - 2 curare-tipped darts
 h - 369 stones
 t - 13 sling bullets
Armour
 b - a +0 robe (worn)
 s - a +2 hat (worn)
 w - a +0 pair of boots (worn)
 G - a scarf of cloud immunity (worn)
Jewellery
 y - a ring of stealth (left hand)
Wands
 g - a wand of acid (11)
 k - a wand of iceblast (6)
 q - a wand of disintegration (13)
 I - a wand of paralysis (9)
Scrolls
 c - a scroll of enchant weapon
 j - 4 scrolls of amnesia
 m - 2 scrolls of random uselessness
 n - 2 scrolls of fog
 r - 3 scrolls of teleportation {unknown}
 u - 3 scrolls of identify
 z - a scroll of acquirement {unknown}
 A - 3 scrolls of enchant armour {unknown}
 E - 2 scrolls of immolation {unknown}
 F - a scroll of remove curse
 H - a scroll of blinking
Potions
 f - 3 potions of lignification {unknown}
 i - a potion of agility {unknown}
 l - 4 potions of curing {unknown}
 o - a potion of might {unknown}
 p - a potion of brilliance
 v - 3 potions of degeneration {unknown}
 x - a potion of cancellation {unknown}
 B - a potion of resistance {unknown}
 C - a potion of heal wounds {unknown}
 D - a potion of flight {unknown}


   Skills:
 + Level 3.0(8.0) Fighting
 * Level 9.2(14.2) Short Blades
 - Level 1.5(6.5) Throwing
 + Level 6.2(11.2) Dodging
 - Level 10.0(15.0) Stealth
 + Level 1.4 Invocations


You had 8 spell levels left.
You didn't know any spells.
Your spell library was empty.

Dungeon Overview and Level Annotations

Branches:
Dungeon (8/15)             Temple (1/1) D:4         Ossuary (visited)
   Lair: D:8-11

Altars:
Ashenzari
Dithmenos
Elyvilon
Gozag
Hepliaklqana
Kikubaaqudgha
Makhleb
Nemelex Xobeh
Okawaru
Qazlal
Ru
Sif Muna
Trog
Uskayaw
Vehumet
Wu Jian
Yredelemnul
Zin
The Shining One


Innate Abilities, Weirdness & Mutations

You do not eat.
Your natural rate of healing is unusually fast.
You have razor-sharp teeth.
You have supernaturally acute eyesight. (SInv)
You can survive without breathing.


Message History

The ice beast barely misses you.
A centaur comes into view.
The ice beast hits you. The ice beast freezes you!
The scorpion closely misses you. The ice beast misses you.
The scorpion barely misses you.
The centaur shouts!
The ice beast hits you but does no damage.
The ice beast completely misses you.
The centaur wields a +0 shortbow.
The centaur shoots an arrow.
The arrow hits you but does no damage.
The centaur shoots an arrow.
The arrow hits you!
You see here 2 arrows.
You gain the combat prowess of a mighty hero.
The ice beast hits you. The ice beast freezes you!
* * * LOW HITPOINT WARNING * * *
The scorpion closely misses you. The ice beast hits you.
* * * LOW HITPOINT WARNING * * *
The ice beast freezes you!
You die...

#......#######..
#.#..........#.. .#
#..........#... .#
#..........#.#.#.#
#..........#.#.#.#
#..........#.#...#
#..........#.##..#
#..(.........##.>#######
#......@...#............
#...csY....#...†........
#...(.Y....#.†..........
##...#######............
#...###########+#......
#............# #......
#............# #......
#............# #......
#............##.#......


You could see 2 ice beasts, a centaur and a scorpion.

Vanquished Creatures
  An orc warrior (D:6)
  2 sky beasts
  2 ogres
  2 centaurs
  An elf zombie (Ossuary)
  2 bullfrogs (D:7)
  An elf skeleton (D:7)
  2 howler monkeys
  A bullfrog zombie (D:6)
  3 human zombies
  A jelly (D:5)
  A centaur zombie (Ossuary)
  4 hounds
  4 orc priests
  2 orc wizards (D:5)
  A centaur skeleton (D:6)
  2 human skeletons (D:7)
  An iguana (D:5)
  4 worker ants
  A killer bee zombie (D:7)
  A big kobold zombie (Ossuary)
  2 hound skeletons
  2 hound zombies (Ossuary)
  3 mummies (Ossuary)
  5 adders
  4 oozes
  4 adder zombies (Ossuary)
  3 adder skeletons
  A worm (D:3)
  2 dart slugs (D:3)
  6 leopard geckos
  19 orcs
  9 giant cockroaches
  2 gnoll zombies (Ossuary)
  7 goblins
  7 hobgoblins
  16 jackals
  A quokka (D:2)
  2 ball pythons
  9 bats
  2 frilled lizards (D:2)
  6 goblin zombies (Ossuary)
  6 hobgoblin zombies (Ossuary)
  A jackal skeleton (D:4)
  3 jackal zombies (Ossuary)
  14 kobolds
  5 kobold zombies (Ossuary)
  2 leopard gecko skeletons (D:4)
  A leopard gecko zombie (D:7)
  2 orc zombies (D:7)
  A quokka zombie (Ossuary)
  5 rats
  A rat zombie (Ossuary)
192 creatures vanquished.

Vanquished Creatures (others)
  An orc wizard (D:5)
1 creature vanquished.

Grand Total: 193 creatures vanquished

Notes
Turn   | Place    | Note
-------+----------+-------------------------------------------
     0 | D:1      | MacrostheBlack the Vampire Assassin began the quest for the
                  | Orb.
     0 | D:1      | Reached XP level 1. HP: 16/16 MP: 1/1
   121 | D:1      | Reached skill level 6 in Stealth
   121 | D:1      | Reached XP level 2. HP: 16/22 MP: 2/2
   711 | D:2      | Reached XP level 3. HP: 27/27 MP: 3/3
  1323 | D:2      | Reached XP level 4. HP: 33/33 MP: 4/4
  1761 | D:3      | Reached XP level 5. HP: 38/38 MP: 5/5
  2035 | D:3      | Reached skill level 7 in Stealth
  2467 | D:4      | Found a staircase to the Ecumenical Temple.
  2479 | Temple   | Entered the Ecumenical Temple
  2676 | Temple   | Became a worshipper of Warmaster Okawaru
  2991 | D:4      | Reached skill level 5 in Short Blades
  3040 | D:4      | Reached XP level 6. HP: 44/44 MP: 6/6
  3266 | D:5      | Entered Level 5 of the Dungeon
  3344 | D:5      | Noticed a sky beast
  3347 | D:5      | Found a shattered altar of Ashenzari.
  3374 | D:5      | Killed a sky beast
  3379 | D:5      | Reached skill level 8 in Stealth
  3425 | D:5      | Reached * piety under Okawaru
  3616 | D:5      | Reached XP level 7. HP: 48/50 MP: 7/7
  3802 | D:5      | Found a stormy altar of Qazlal.
  4207 | D:6      | Found a basalt altar of Yredelemnul.
  4209 | D:6      | Found an opulent altar of Gozag.
  4267 | D:6      | Found a glowing silver altar of Zin.
  4427 | D:6      | Reached skill level 9 in Stealth
  4463 | D:6      | Reached skill level 5 in Dodging
  4463 | D:6      | Reached XP level 8. HP: 37/56 MP: 8/8
  4642 | D:6      | Reached ** piety under Okawaru
  5036 | D:7      | Found a sand-covered staircase.
  5041 | Ossuary  | Entered an ossuary
  5239 | Ossuary  | Reached skill level 10 in Stealth
  5608 | D:7      | Reached skill level 1 in Invocations
  6272 | D:8      | Reached XP level 9. HP: 58/63 MP: 8/10
  6372 | D:8      | Slain by an ice beast

Levels and vault maps discovered:
D:1:      nzn_arrival_depleted_hourglass, layout_basic, serial_curves,
          eino_curves_02, eino_curves_03
D:2:      layout_basic
D:3:      minmay_door_path, layout_basic
D:4:      layout_basic, minmay_temple_entry_slanted
D:5:      layout_loops_ring, cheibrodos_ashenzari_chains, kennysheep_mini,
          first_ration
D:6:      layout_loops_ring, chequers_temple_overflow_statue_of_worship,
          basic_altar, hex_tiny, kennysheep_generic_room_14
D:7:      layout_loops_corners, nicolae_ossuary_entry_catacombs
D:8:      layout_basic, xom_shifter_show, fedhas_bush_and_centaur_altar
Temple:   regret_index_temple_generic_petals

Skill      XL: |  1  2  3  4  5  6  7  8 |
---------------+-------------------------+-----
Stealth        | 6 7 8 9 10 | 10.0
Fighting       | 2 3 |  3.0
Short Blades   | 3 4 5 6 7 9 |  9.2
Dodging        | 2 3 4 5 6 |  6.2
Invocations    | 1 |  1.4
Throwing       | |  1.5

Action                   |  1- 3 |  4- 6 |  7- 9 || total
-------------------------+-------+-------+-------++-------
Melee: Dagger            |   122 |   273 |   307 ||   702
       Bite              |    10 |    20 |    31 ||    61
Throw: Dart              |       |    16 |    46 ||    62
Invok: Heroism           |       |       |     1 ||     1
  Use: Scroll            |       |     8 |     1 ||     9
 Stab: Sleeping          |    11 |    15 |    31 ||    57
Armor: Robe              |    34 |    51 |    45 ||   130
Dodge: Dodged            |    72 |   125 |   170 ||   367
